AoeStats
← [KMNB] Bandeira

Highland

505500433Analyzed
4v4 RM · 24d ago on Sep 9, 2026· 15m 30s· 8 players
Game mode
Random Map
Map size
Large (8 player)
Population
200
Speed
Normal
Resources
Standard
Victory
Conquest
Starting age
Dark Age
Ending age
Imperial Age
RankedLock teamsTeams togetherTeam positionsShared explorationLock speedFull tech treeHidden civsTurbo modeCheats
Victory
Defeat
🇧🇷 Ethiopians · Brazil
1605
+15
🇧🇷 Magyars · Brazil
1597
+15
🇧🇷 Saracens · Brazil
1538
+18
🇧🇷 Persians · Brazil
1434
+21
🇺🇸 Persians · United States
1622
-19
🇮🇳 Mongols · India
1599
-18
🇮🇳 Bohemians · India
1588
-18
🇨🇳 Saracens · China
1484
-14
[KMNB] Bandeira
6:52 Loom
9:22 Feudal Age
9:58 Double-Bit Axe
12:42 Scale Barding Armor
[KMNB] Dedão
6:32 Loom
9:01 Feudal Age
9:37 Double-Bit Axe
13:56 Fletching
Fs.Khronos
5:02 Loom
8:42 Feudal Age
9:15 Double-Bit Axe
11:17 Fletching
[KMNB] Preguiça
6:28 Loom
8:42 Feudal Age
9:23 Double-Bit Axe
11:17 Horse Collar
14:46 Wheelbarrow
第一滴血
7:58 Loom
10:11 Feudal Age
11:11 Double-Bit Axe
12:15 Fletching
shn_07
9:15 Feudal Age
9:47 Double-Bit Axe
9:43 Horse Collar
10:05 Loom
13:34 Scale Barding Armor
15:31 Scale Barding Armor
16:22 Wheelbarrow
wackadoodle
6:40 Loom
8:56 Feudal Age
11:06 Double-Bit Axe
12:51 Fletching
HAASHIRAMA
10:23 Feudal Age
11:41 Loom
15:06 Castle Age
Connection lost

Rejoining the realm…

Still unreachable

The connection could not be restored.

Session expired

The server has moved on; the page needs a fresh start.